AoeStats
← Ken

Arena

508204723Analyzed
4v4 RM · 11d ago on Sep 21, 2026· 66m 1s· 8 players
Game mode
Random Map
Map size
Large (8 player)
Population
200
Speed
Normal
Resources
Standard
Victory
Conquest
Starting age
Dark Age
Ending age
Imperial Age
RankedLock teamsTeams togetherTeam positionsShared explorationLock speedFull tech treeHidden civsTurbo modeCheats
Victory
Defeat
🇨🇳 Muisca · China
1153
+13
🇹🇼 Franks · Taiwan
1114
+14
🇹🇼 Jurchens · Taiwan
978
+20
🇨🇳 Wei · China
943
+20
🇨🇳 Franks · China
1088
-18
🇳🇱 Wei · Netherlands
1081
-17
🇨🇳 Mongols · China
1069
-17
🇨🇳 Huns · China
1031
-15
A_T_k
11:15 Feudal Age
15:00 Castle Age
13:38 Double-Bit Axe
14:00 Horse Collar
16:55 Bow Saw
19:24 Loom
20:33 Heavy Plow
21:41 Wheelbarrow
21:24 Gold Mining
23:02 Gold Shaft Mining
23:49 Fletching
25:17 Hand Cart
25:04 Bodkin Arrow
24:56 Town Watch
25:18 Padded Archer Armor
26:04 Forging
29:36 Imperial Age
27:56 Stone Mining
28:30 Leather Archer Armor
28:45 Ballistics
28:50 Forging
28:51 Squires
28:55 Scale Mail Armor
30:00 Stone Shaft Mining
30:37 Iron Casting
31:22 Two-Man Saw
30:49 Conscription
30:40 Siege Engineers
30:45 Bracer
30:28 Treadmill Crane
32:15 Chain Mail Armor
31:31 Elite Guecha Warrior
33:01 Conscription
33:06 Elite Temple Guard
35:16 Chemistry
35:06 Plate Mail Armor
36:36 Hoardings
37:05 Coinage
37:43 Crop Rotation
37:40 Masonry
42:01 Pikeman
46:19 Huaracas
49:07 Herbalism
50:11 Thumb Ring
50:13 Elite Skirmisher
一直嬉皮笑臉
3:50 Loom
11:17 Feudal Age
12:21 Double-Bit Axe
16:03 Castle Age
16:54 Bow Saw
23:28 Wheelbarrow
24:32 Horse Collar
26:27 Gold Mining
29:14 Heavy Plow
32:14 Imperial Age
30:11 Stone Mining
30:19 Fletching
30:40 Forging
31:54 Bloodlines
31:44 Husbandry
32:58 Iron Casting
32:29 Scale Barding Armor
32:20 Bodkin Arrow
32:26 Padded Archer Armor
33:17 Elite Steppe Lancer
35:20 Chemistry
34:41 Ballistics
34:03 Treadmill Crane
35:04 Crop Rotation
35:20 Conscription
36:27 Fortified Wall
37:21 Blast Furnace
38:34 Fortified Bastions
39:00 Scale Mail Armor
39:21 Chain Barding Armor
39:03 Bracer
39:07 Light Cavalry
40:51 Guilds
40:50 Hussar
42:10 Hand Cart
42:51 Heavy Rocket Cart
43:34 Guard Tower
43:56 Masonry
47:22 Architecture
48:54 Two-Man Saw
48:56 Caravan
51:41 Heavy Cavalry Archer
54:42 Gold Shaft Mining
54:43 Leather Archer Armor
55:06 Plate Barding Armor
57:11 Leather Archer Armor
58:28 Pikeman
59:09 Squires
65:13 Fervor
妖姬西打龍
10:41 Feudal Age
15:55 Castle Age
15:50 Double-Bit Axe
16:43 Loom
17:34 Wheelbarrow
18:59 Town Watch
19:00 Loom
22:56 Bow Saw
23:06 Hand Cart
24:33 Scale Barding Armor
24:34 Gold Mining
26:27 Town Patrol
26:46 Stone Mining
31:19 Imperial Age
29:23 Chain Barding Armor
29:50 Chain Barding Armor
29:40 Forging
31:14 Gold Shaft Mining
31:27 Husbandry
32:50 Iron Casting
31:56 Cavalier
33:43 Plate Barding Armor
33:24 Masonry
33:28 Fortified Wall
34:05 Paladin
35:46 Conscription
36:35 Blast Furnace
36:44 Chemistry
35:58 Scale Mail Armor
36:27 Caravan
36:56 Chivalry
39:06 Chain Mail Armor
38:27 Elite Throwing Axeman
40:43 Murder Holes
41:20 Architecture
42:42 Hoardings
46:43 Plate Mail Armor
46:04 Fletching
46:14 Padded Archer Armor
48:16 Light Cavalry
49:59 Ballistics
49:34 Guard Tower
49:31 Arrowslits
55:59 Devotion
60:27 Devotion
61:14 Bodkin Arrow
61:35 Leather Archer Armor
61:39 Crossbowman
61:41 Elite Skirmisher
chan pee
11:20 Feudal Age
15:03 Castle Age
13:08 Horse Collar
13:41 Double-Bit Axe
16:27 Bow Saw
16:21 Gold Mining
19:51 Loom
20:33 Stone Mining
23:43 Wheelbarrow
24:59 Heavy Plow
26:46 Gold Shaft Mining
26:49 Stone Shaft Mining
28:10 Hand Cart
28:17 Scale Barding Armor
28:22 Forging
31:48 Imperial Age
30:16 Chain Barding Armor
30:31 Iron Casting
29:52 Town Watch
31:09 Tuntian
32:57 Ming Guang Armor
33:27 Conscription
32:54 Elite Tiger Cavalry
33:05 Elite Tiger Cavalry
33:31 Onager
36:40 Blast Furnace
40:35 Fortified Wall
41:26 Chemistry
40:06 Treadmill Crane
41:34 Scale Mail Armor
41:25 Fletching
42:48 Crop Rotation
43:36 Squires
43:21 Arson
42:57 Pikeman
47:10 Chain Mail Armor
49:19 Halberdier
50:26 Thumb Ring
50:21 Elite Skirmisher
Ken
10:41 Feudal Age
8:59 Loom
12:45 Double-Bit Axe
15:50 Castle Age
18:32 Stone Mining
21:56 Bow Saw
22:46 Wheelbarrow
24:00 Fletching
26:19 Scale Mail Armor
26:30 Forging
27:26 Gold Mining
34:00 Imperial Age
32:05 Husbandry
32:38 Scale Barding Armor
33:41 Chain Barding Armor
33:57 Iron Casting
35:17 Plate Barding Armor
35:24 Gold Shaft Mining
35:28 Conscription
34:58 Cavalier
37:23 Blast Furnace
37:54 Paladin
38:50 Chain Mail Armor
38:31 Bodkin Arrow
38:36 Padded Archer Armor
39:00 #83
40:58 Chemistry
40:19 Ballistics
40:59 Plate Mail Armor
41:18 Leather Archer Armor
41:15 Masonry
41:01 Murder Holes
40:44 Elite Throwing Axeman
42:38 Chivalry
52:02 Architecture
54:33 Light Cavalry
60:57 Elite Skirmisher
62:11 Arson
62:26 Squires
61:47 Man-at-Arms
Xion574
11:34 Feudal Age
15:26 Castle Age
14:01 Double-Bit Axe
14:37 Horse Collar
17:04 Bow Saw
18:47 Heavy Plow
22:56 Gold Mining
22:58 Stone Mining
26:23 Wheelbarrow
26:52 Loom
27:56 Hand Cart
31:32 Imperial Age
29:48 Gold Shaft Mining
29:49 Stone Shaft Mining
29:28 Forging
29:24 Scale Barding Armor
29:38 Bloodlines
29:28 Husbandry
30:39 Tuntian
31:18 Iron Casting
31:51 Ballistics
31:42 Elite Tiger Cavalry
32:26 Town Watch
34:48 Conscription
34:54 Ming Guang Armor
35:05 Hoardings
36:39 Coinage
36:15 Caravan
37:12 Chain Barding Armor
37:53 Blast Furnace
37:59 Masonry
38:00 Fortified Wall
38:51 Chemistry
37:48 Murder Holes
37:36 Treadmill Crane
39:59 Hoardings
39:53 Fletching
42:07 Bodkin Arrow
42:12 Padded Archer Armor
42:53 Banking
43:12 Bracer
43:41 Parthian Tactics
43:21 Thumb Ring
45:39 Leather Archer Armor
51:27 Guard Tower
57:59 Town Patrol
60:43 Scale Mail Armor
60:52 Elite Skirmisher
67:06 Keep
离岛
9:53 Feudal Age
10:28 Loom
14:55 Castle Age
12:46 Double-Bit Axe
13:30 Horse Collar
26:44 Gold Mining
27:44 Wheelbarrow
30:51 Imperial Age
28:25 Stone Mining
28:45 Marauders
29:36 Hand Cart
29:09 Town Watch
29:26 Heavy Plow
29:38 Bow Saw
30:05 Gold Shaft Mining
30:02 Scale Barding Armor
30:07 Forging
31:22 Bloodlines
31:14 Husbandry
31:32 Elite Tarkan
32:55 Chain Barding Armor
33:16 Iron Casting
34:41 Plate Barding Armor
36:00 Blast Furnace
37:05 Scale Mail Armor
36:29 Pikeman
38:33 Halberdier
42:28 Chain Mail Armor
42:19 Squires
45:10 Caravan
59:35 Arson
63:34 Two-Man Saw
_xy_2252
2:31 Loom
11:13 Feudal Age
12:43 Wheelbarrow
12:04 Double-Bit Axe
13:06 Town Watch
13:16 Horse Collar
15:47 Castle Age
16:44 Hand Cart
18:32 Gold Mining
22:36 Gold Shaft Mining
22:40 Stone Mining
24:40 Stone Shaft Mining
30:10 Imperial Age
28:39 Ballistics
28:59 Bow Saw
32:39 Chemistry
31:35 Heavy Scorpion
33:56 Padded Archer Armor
33:47 Fletching
34:05 Siege Engineers
35:21 Drill
35:23 Conscription
36:47 Leather Archer Armor
36:34 Bodkin Arrow
36:52 Fortified Wall
38:46 Caravan
40:06 Bracer
40:05 Murder Holes
39:39 Onager
49:30 Scale Barding Armor
49:35 Forging
Connection lost

Rejoining the realm…

Still unreachable

The connection could not be restored.

Session expired

The server has moved on; the page needs a fresh start.